 Dungeon Crawl Stone Soup version 0.26-a0-61-g6c07f0ee8d (webtiles) character file.

Game seed: 9267239291438123742

210 MarredHen the Cutter (level 6, -4/39 HPs)
             Began as a Kobold Monk on June 9, 2020.
             Slain by an ogre
             ... wielding a cursed -2 giant spiked club
              (17 damage)
             ... on level 4 of the Dungeon.
             The game lasted 00:05:50 (4181 turns).

MarredHen the Cutter (Kobold Monk)                  Turns: 4181, Time: 00:05:50

Health: -4/39      AC: 10    Str:  8    XL:     6   Next: 12%
Magic:  6/6        EV: 18    Int: 12    God:
Gold:   229        SH:  0    Dex: 19    Spells: 5/5 levels left

rFire    . . .     SeeInvis .   j - +3 dagger (protect)
rCold    . . .     Gourm    .   (shield restricted)
rNeg     . . .     Faith    .   b - +0 robe
rPois    .         Spirit   .   (no helmet)
rElec    .         Reflect  .   h - +0 cloak
rCorr    .         Harm     .   (no gloves)
MR       .....                  (no boots)
Stlth    +++.......             m - amulet of the acrobat
HPRegen  0.13/turn              (no ring)
MPRegen  0.10/turn              (no ring)

@: protection aura
A: small, carnivore
a: no special abilities


You were on level 4 of the Dungeon.
You were very full.

You visited 1 branch of the dungeon, and saw 4 of its levels.

You collected 229 gold pieces.

Inventory:

Hand Weapons
 j - a +3 dagger of protection (weapon)
Armour
 b - a +0 robe (worn)
 h - a +0 cloak (worn)
Jewellery
 m - an amulet of the acrobat (around neck)
Wands
 d - a wand of flame (15)
Scrolls
 a - 2 scrolls of identify
 e - a scroll of enchant weapon
 i - a scroll of magic mapping
 k - a scroll of enchant armour {unknown}
 l - 3 scrolls of teleportation {unknown}
 n - a scroll of fog {unknown}
Potions
 f - a potion of curing
Comestibles
 c - 4 rations


   Skills:
 + Level 4.5 Fighting
 + Level 5.5 Short Blades
 + Level 4.8 Dodging
 + Level 4.5 Stealth


You had 5 spell levels left.
You didn't know any spells.
Your spell library was empty.

Dungeon Overview and Level Annotations

Branches:
Dungeon (4/15)             Temple (0/1) D:4

Altars:
Fedhas
Hepliaklqana
Wu Jian

Annotations:
D:4 Pikel


Innate Abilities, Weirdness & Mutations

You are small and have problems with some larger weapons.
You are carnivorous and can eat meat at any time.


Message History

You hear a shout! x3
You open the door.
A slave comes into view.
Pikel the Slaver comes into view.
He is wielding a +2 whip of electrocution.
Found a yellow potion.
You completely miss the slave. The slave completely misses you.
An ogre comes into view. It is wielding a -2 giant spiked club.
Pikel shouts!
You hit the slave.
Your weapon exudes an aura of protection.
The slave is lightly wounded.
The slave misses you. The slave misses you.
Found a stone staircase leading down. 3 slaves come into view.
The slave shouts! x2
You hit the ogre.
The ogre is moderately wounded.
The ogre hits you with a cursed -2 giant spiked club!
You die...

*******#################*
,,,,,,,#.......○......>.*
,,,,,,,+......§.○.......*
,,,,,,,#......§.☼....[..*
,,,,,,,#................*
,,,,,,,#.......p@O......*
*******##..###.##<###%.#***
********#..**#'#*K#**+**,,*
,,,,,*,...,,,...,p.,,,,,,,*
,,,,>+....,,........,,>,,,*
,,,,,*...,,.......p..,,,,,*
,**,,**,**..##.......p,,,,*
,******,*###*#....!....,,********
,,,,,,,,,,,,*#....##.,,,,**,,,**,


You could see Pikel, an ogre and 4 slaves.

Vanquished Creatures
  A bullfrog (D:3)
  Crazy Yiuf (D:3)
  4 adders
  2 worms (D:3)
  4 leopard geckos
  5 orcs (D:3)
  2 ball pythons
  10 bats
  4 giant cockroaches
  5 goblins
  6 hobgoblins
  4 jackals (D:2)
  4 frilled lizards
  9 kobolds
  7 rats
68 creatures vanquished.

Notes
Turn   | Place    | Note
-------+----------+-------------------------------------------
     0 | D:1      | MarredHen the Kobold Monk began the quest for the Orb.
     0 | D:1      | Reached XP level 1. HP: 14/14 MP: 1/1
   161 | D:1      | Reached XP level 2. HP: 19/19 MP: 2/2
   445 | D:1      | Reached XP level 3. HP: 21/24 MP: 3/3
  1322 | D:2      | Reached XP level 4. HP: 25/29 MP: 4/4
  1739 | D:2      | Found an ornate altar of the Wu Jian Council.
  1747 | D:2      | Found a hazy altar of Hepliaklqana.
  2277 | D:3      | Reached skill level 5 in Short Blades
  2416 | D:3      | Noticed a bullfrog
  2450 | D:3      | Killed a bullfrog
  2450 | D:3      | Reached XP level 5. HP: 7/34 MP: 5/5
  3285 | D:3      | Found a blossoming altar of Fedhas.
  3586 | D:3      | Found a runed translucent door.
  3587 | D:3      | Noticed Crazy Yiuf
  3937 | D:3      | Killed Crazy Yiuf
  3937 | D:3      | Reached XP level 6. HP: 28/39 MP: 6/6
  4175 | D:4      | Noticed a slave
  4175 | D:4      | Noticed Pikel
  4176 | D:4      | Noticed an ogre
  4180 | D:4      | Noticed a slave
  4180 | D:4      | Noticed a slave
  4180 | D:4      | Noticed a slave
  4181 | D:4      | Slain by an ogre

Illustrated notes

Levels and vault maps discovered:
D:1:      sevenhm_arrival_forest_fort_large_2, layout_basic,
          minmay_misc_feat_tower
D:2:      layout_basic, minitemple, minmay_pentomino_s4
D:3:      layout_basic, lemuel_round_altar, st_stairs_6, uniq_crazy_yiuf_cottage
D:4:      layout_gridville, kennysheep_little_box,
          minmay_temple_entry_enclosed_plants, nicolae_ossuary_entry_catacombs,
          serial_shops, shop, uniq_pikel

Skill      XL: |  1  2  3  4 |
---------------+-------------+-----
Stealth        | 3 4 |  4.5
Dodging        | 4 |  4.8
Fighting       | 4 |  4.5
Short Blades   | 5 |  5.5

Action                   |  1- 3 |  4- 6 || total
-------------------------+-------+-------++-------
Melee: Short sword       |   101 |       ||   101
       Dagger            |    16 |   162 ||   178
  Use: Scroll            |     1 |     4 ||     5
       Potion            |       |     3 ||     3
 Stab: Sleeping          |     7 |     7 ||    14
  Eat: Chunk             |     2 |    16 ||    18
Armor: Robe              |    24 |    20 ||    44
Dodge: Dodged            |   109 |   146 ||   255

Table legend:
 A = Non-vault XP
 B = Vault XP
 C = Vault XP percentage of total XP
 D = Non-vault monster count
 E = Vault monster count
 F = Vault count percentage of total count
                 A         B        C        D         E       F
            +---------+---------+-------+---------+---------+-------
      Total |     235 |      66 |  21.9 |      62 |       6 |   8.8
            +---------+---------+-------+---------+---------+-------
        D:1 |      32 |       0 |   0.0 |      20 |       0 |   0.0
        D:2 |      36 |      18 |  33.3 |      13 |       3 |  18.8
        D:3 |     154 |      48 |  23.8 |      28 |       3 |   9.7
        D:4 |      13 |       0 |   0.0 |       1 |       0 |   0.0
            +---------+---------+-------+---------+---------+-------
